 Dungeon Crawl Stone Soup version 0.30-a0-218-gedb9141078 (webtiles) character file.

Game seed: 3594138696773041576

77 KennySheep the Trooper (level 4, -1/48 HPs)
             Began as an Ogre Fighter on Oct 5, 2022.
             Was a Follower of Ashenzari.
             Slain by a goblin
             ... wielding a +0 dagger
             ... led by Robin
              (2 damage)
             ... on level 3 of the Dungeon.
             The game lasted 00:04:04 (1498 turns).

KennySheep the Trooper (Ogre Fighter)               Turns: 1498, Time: 00:04:04

Health: -1/48      AC:  3    Str: 22    XL:     4   Next: 33%
Magic:  4/4        EV:  8    Int:  9    God:    Ashenzari [*.....]
Gold:   85         SH:  7    Dex:  8    Spells: 3/3 levels left

rFire   . . .      SeeInvis .    a - +0 flail of Ashenzari's Abstinence {Comp, Range} (curse)
rCold   . . .      Faith    .    c - +0 kite shield of Ashenzari's Scepticism {Fort, Comp} (curse)
rNeg    . . .      Spirit   .    b - +0 robe
rPois   .          Reflect  .    (helmet restricted)
rElec   .          Harm     .    (no cloak)
rCorr   .          Rampage  .    (gloves unavailable)
Will    .....                    (boots unavailable)
Stlth   +.........               (no amulet)
HPRegen 0.28/turn                (no ring)
MPRegen 0.09/turn                (no ring)

@: no status effects
A: large, unfitting armour, tough skin 1
a: Renounce Religion, Shatter the Chains


You were on level 3 of the Dungeon.
You worshipped Ashenzari.
Ashenzari was aware of your devotion.
You visited 1 branch of the dungeon, and saw 3 of its levels.

You collected 85 gold pieces.

Inventory:

Hand Weapons
 a - the cursed +0 flail of Ashenzari's Abstinence (weapon) {Comp, Range}

   It has a curse which improves the following skills: Companions: Summonings
   and Necromancy.
   Ranged Combat: Ranged Weapons and Throwing.
Armour
 b - a +0 robe (worn)
 c - the cursed +0 kite shield of Ashenzari's Scepticism (worn) {Fort, Comp}

   It has a curse which improves the following skills: Fortitude: Armour and
   Shields.
   Companions: Summonings and Necromancy.
Wands
 m - a wand of digging (1)
Scrolls
 f - a scroll of blinking
 g - a scroll of poison
 h - 4 scrolls of identify
 j - a scroll of teleportation
 l - a scroll of enchant weapon
Potions
 d - a potion of might
 e - 2 potions of cancellation
 i - a potion of degeneration
 k - a potion of curing
 n - a potion of magic


   Skills:
 - Level 4.0 Fighting
 * Level 4.0 Maces & Flails
 - Level 2.6 Dodging
 - Level 3.0(3.7) Shields


You had 3 spell levels left.
You didn't know any spells.
Your spell library contained the following spells:

 Spells                   Type           Power      Damage    Failure   Level
 Beastly Appendage        Tmut           0%         N/A       67%         1
 Cigotuvi's Dreadful Rot  Necr/Pois/Air  0%         N/A       82%         2
 Wereblood                Tmut           0%         N/A       82%         2
 Frozen Ramparts          Ice            0%         1d1       96%         3
 Spider Form              Tmut/Pois      0%         N/A       96%         3
 Animate Armour           Summ/Erth      0%         N/A       100%        4
 Ice Form                 Ice/Tmut       0%         N/A       100%        4
 Summon Ice Beast         Ice/Summ       0%         N/A       100%        4
 Eringya's Noxious Bog    Tmut/Pois      0%         N/A       100%        6


Dungeon Overview and Level Annotations

Branches:
Dungeon (3/15)

Altars:
Ashenzari


Innate Abilities, Weirdness & Mutations

You are too large for most types of armour.
You have tough skin. (AC +1)


Message History

The hobgoblin hits you.
You closely miss Robin.
The endoplasm jiggles.
The endoplasm freezes you.
You are frozen.
You block the hobgoblin's attack. The goblin barely misses you.
You block the goblin's attack. The goblin barely misses you. x2
The goblin hits you with a +0 dagger. x2; The goblin closely misses you.
Robin flexes a bicep menacingly.
Robin roars a battlecry!
The goblins go into a battle-frenzy!
The hobgoblin closely misses you. The goblin completely misses you.
The endoplasm freezes you.
You are frozen.
* * * LOW HITPOINT WARNING * * *
You hit Robin but do no damage. You block the goblin's attack.
The hobgoblin barely misses you. The goblin hits you with a +0 dagger.
* * * LOW HITPOINT WARNING * * *
You block the goblin's attack.
The endoplasm hits you but does no damage.
The goblin hits you with a +0 club.
* * * LOW HITPOINT WARNING * * *
You sock Robin!
Robin is severely wounded.
The hobgoblin closely misses you. The endoplasm completely misses you.
You block the goblin's attack. The goblin hits you but does no damage.
The goblin closely misses you. Robin barely misses you.
The goblin hits you but does no damage.
You hit Robin.
You kill Robin!
The goblin hits you with a +0 dagger.
* * * LOW HITPOINT WARNING * * *
The endoplasm closely misses you. The hobgoblin barely misses you.
The goblin hits you but does no damage. The goblin completely misses you.
The goblin closely misses you. The goblin hits you with a +0 dagger.
* * * LOW HITPOINT WARNING * * *
The goblin hits you with a +0 club.
* * * LOW HITPOINT WARNING * * *
The hobgoblin hits you but does no damage.
The goblin hits you with a +0 dagger.
You die...

#.................#
#.................#
#+##<....)........#
#.##.......#####
#...<.)....##
...............##
..##.##..#.#....#
#. #....ggg..# #
#...bJ@gg.#
.....ggg#g##
####..og.{.#
#...... # .....#...
.....# .... ......
....# .#.... .....


You could see an orc, an endoplasm, 2 hobgoblins, 8 goblins and a bat.

Vanquished Creatures
  Terence (D:3)
  Robin (D:3)
  An adder (D:2)
  4 dart slugs
  2 endoplasms
  2 giant cockroaches
  8 goblins
  3 hobgoblins
  A quokka (D:1)
  3 ball pythons
  3 bats
  6 frilled lizards
  3 kobolds
  2 rats
40 creatures vanquished.

Vanquished Creatures (others)
  2 fungi (D:1)
  A plant (D:1)
3 creatures vanquished.

Grand Total: 43 creatures vanquished

Notes
Turn   | Place    | Note
-------+----------+-------------------------------------------
     0 | D:1      | KennySheep the Ogre Fighter began the quest for the Orb.
     0 | D:1      | Reached XP level 1. HP: 24/24 MP: 1/1
   114 | D:1      | Found a faded altar of an unknown god.
   125 | D:1      | Prayed at the altar of an unknown god.
   125 | D:1      | Became a worshipper of Ashenzari the Shackled
   154 | D:1      | Reached XP level 2. HP: 16/32 MP: 2/2
   731 | D:2      | Reached XP level 3. HP: 38/39 MP: 3/3
   987 | D:2      | Reached * piety under Ashenzari
  1038 | D:2      | Identified the Vellum of the Snake and Clay
  1313 | D:3      | Noticed Terence
  1321 | D:3      | Killed Terence
  1322 | D:3      | Reached XP level 4. HP: 9/48 MP: 4/4
  1487 | D:3      | Noticed Robin
  1498 | D:3      | Killed Robin
  1498 | D:3      | HP: 1/48 [goblin/+0 club[Robin] (2)]
  1498 | D:3      | Slain by a goblin

Illustrated notes

Levels and vault maps discovered:
D:1:      lightli_arrival_maybe_door_vault, layout_rooms,
          shapermc_ecumenical_altar_mp_urbaneastern
D:2:      layout_rooms, minmay_statues_item
D:3:      layout_basic, gup_sewer_entry_bowl, minmay_puff, uniq_robin,
          uniq_terence

Skill      XL: |  1  2  3 |
---------------+----------+-----
Maces & Flails | 2 3 4 |  4.0
Fighting       | |  4.0
Dodging        | |  2.6
Shields        | |  3.0

Action                   |  1- 3 |  4- 6 || total
-------------------------+-------+-------++-------
Melee: Flail             |   123 |    11 ||   134
Invok: Curse Item        |     2 |       ||     2
  Use: Scroll            |     2 |       ||     2
       Potion            |     1 |       ||     1
 Stab: Sleeping          |     1 |       ||     1
Armor: Robe              |    35 |    14 ||    49
Dodge: Dodged            |    58 |    25 ||    83
Block: Kite shield       |    59 |    11 ||    70

Table legend: (Time is in decaauts)
 A = Elapsed time spent in this place.
 B = Non-inter-level travel time spent in this place.
 C = Inter-level travel time spent in this place.
 D = Time resting spent in this place.
 E = Time spent auto-exploring this place.
 F = Levels seen in this place.
 G = Mean time per level.
                   A        B        C        D        E       F      G
               +--------+--------+--------+--------+--------+-----+--------+
         Total |   1549 |   1499 |     50 |    237 |    912 |   3 |  516.3 |
       Dungeon |   1549 |   1499 |     50 |    237 |    912 |   3 |  516.3 |
               +--------+--------+--------+--------+--------+-----+--------+

Top non-repeatable levels by time:
     D:1: 750 daAuts
     D:2: 609 daAuts
     D:3: 190 daAuts
